 Dungeon Crawl Stone Soup version 0.22.1-2-g9c5b331 (webtiles) character file.

150 magicm the Archer (level 5, -1/42 HPs)
             Began as a Centaur Hunter on Nov 20, 2018.
             Succumbed to an orc wizard's poison
             ... on level 3 of the Dungeon.
             The game lasted 00:04:59 (1399 turns).

magicm the Archer (Centaur Hunter)                  Turns: 1399, Time: 00:05:00

Health: -1/42      AC:  6    Str: 15    XL:     5   Next: 10%
Magic:  5/5        EV:  9    Int: 10    God:
Gold:   132        SH:  0    Dex: 10    Spells: 4/4 levels left

rFire    . . .     SeeInvis .   b - +0 short sword
rCold    . . .     Gourm    .   (no shield)
rNeg     + . .     Faith    .   c - +1 leather armour
rPois    .         Spirit   .   i - +0 helmet
rElec    .         Reflect  .   (no cloak)
rCorr    .         Harm     .   (no gloves)
MR       .....                  (no barding)
Stlth    +.........             (no amulet)
HPRegen  0.14/turn              h - ring of positive energy
MPRegen  0.09/turn              (no ring)

@: lethally poisoned (-1 -> -53), flying, very quick
A: large, hooves 3, deformed body, speed 2, tough skin 3
a: no special abilities


You were on level 3 of the Dungeon.
You were not hungry.

You visited 1 branch of the dungeon, and saw 3 of its levels.

You collected 132 gold pieces.

Inventory:

Hand Weapons
 a - a +2 shortbow
 b - a +0 short sword (weapon)
Missiles
 d - 24 arrows
Armour
 c - a +1 leather armour (worn)
 i - a +0 helmet (worn)
Jewellery
 h - a ring of positive energy (left hand)
Scrolls
 p - a scroll of remove curse
Potions
 e - a potion of cancellation {unknown}
 g - 2 potions of agility
 j - a potion of lignification {unknown}
 k - a potion of flight
 l - 2 potions of curing {unknown}
 m - a potion of magic
 n - a potion of brilliance {unknown}
 o - a potion of heal wounds {unknown}
Comestibles
 f - 7 rations


   Skills:
 + Level 2.3 Fighting
 + Level 8.1 Bows
 + Level 0.1 Armour
 + Level 1.6 Dodging
 + Level 0.4 Stealth


You had 4 spell levels left.
You didn't know any spells.
Your spell library was empty.

Dungeon Overview and Level Annotations

Branches:
Dungeon (3/15)

Altars:
Trog


Innate Abilities, Weirdness & Mutations

You have hooves in place of feet.
Armour fits poorly on your strangely shaped body.
You cover ground very quickly.
You have extremely tough skin. (AC +3)


Message History

You feel very sick. Something hits you but does no damage.
You are more poisoned.
You closely miss something.
* * * LOW HITPOINT WARNING * * *
You feel very sick. Something hits you but does no damage.
You are more poisoned.
You barely miss something. Your kick misses something.
* * * LOW HITPOINT WARNING * * *
You feel very sick. Something hits you but does no damage.
It was a potion of flight.
You feel very buoyant.
You fly up into the air.
* * * LOW HITPOINT WARNING * * *
You feel very sick. Something hits you but does no damage.
It was a potion of magic.
Magic courses through your body.
You die...

##### ###...####### .
#...........# ..
####...........##...
#...................
#...........#...((..
#......##...@{(.....
#......##...........
###.....###......(....
#..........#.#..).#...
#........>.._.........
#..........#.######...
#................ ...
#.............. ..
#............#


There were no monsters in sight!

Vanquished Creatures
  An orc wizard (D:3)
  Natasha (thrice) (D:2)
  A gnoll (D:1)
  An adder (D:1)
  A leopard gecko (D:1)
  3 orcs (D:3)
  4 bats
  A giant cockroach (D:1)
  3 goblins
  2 hobgoblins
  3 kobolds
  A ball python (D:1)
  3 frilled lizards (D:2)
  2 rats
29 creatures vanquished.

Notes
Turn   | Place    | Note
-------+----------+-------------------------------------------
     0 | D:1      | magicm the Centaur Hunter began the quest for the Orb.
     0 | D:1      | Reached XP level 1. HP: 17/17 MP: 1/1
   226 | D:1      | Reached XP level 2. HP: 24/24 MP: 2/2
   252 | D:1      | Reached skill level 6 in Bows
   787 | D:1      | Reached XP level 3. HP: 29/29 MP: 3/3
   892 | D:2      | Noticed Natasha
   896 | D:2      | Killed Natasha
   896 | D:2      | Reached skill level 7 in Bows
   957 | D:2      | Noticed Natasha
   961 | D:2      | Killed Natasha
   961 | D:2      | Reached XP level 4. HP: 36/36 MP: 4/4
  1220 | D:2      | Noticed Natasha
  1226 | D:2      | Killed Natasha
  1318 | D:3      | Found a bloodstained altar of Trog.
  1379 | D:3      | Reached skill level 8 in Bows
  1379 | D:3      | Reached XP level 5. HP: 42/42 MP: 5/5
  1398 | D:3      | HP: 2/42 [poisoned by an orc wizard]
  1399 | D:3      | Succumbed to an orc wizard's poison

Skill      XL: |  1  2  3  4 |
---------------+-------------+-----
Bows           | 6 7 8 |  8.1
Fighting       | |  2.3
Armour         | |  0.1
Dodging        | |  1.6
Stealth        | |  0.4

Action                   |  1- 3 |  4- 6 || total
-------------------------+-------+-------++-------
Melee: Short sword       |       |     9 ||     9
 Fire: Shortbow          |    49 |    32 ||    81
  Use: Scroll            |     9 |       ||     9
       Potion            |       |     2 ||     2
Armor: Leather armour    |     7 |     8 ||    15
Dodge: Dodged            |     5 |     4 ||     9
